 Dungeon Crawl Stone Soup version 0.21-a0-529-g8c7b3f5 (webtiles) character file.

731 slep the Chopper (level 7, -5/36 HPs)
             Began as a Vine Stalker Gladiator on Dec 10, 2017.
             Slain by a sky beast (6 damage)
             ... on level 5 of the Dungeon.
             The game lasted 00:10:15 (2879 turns).

slep the Chopper (Vine Stalker Gladiator)           Turns: 2879, Time: 00:10:15

Health: -5/36      AC:  4    Str: 16    XL:     7   Next: 73%
Magic:  0/8        EV: 14    Int:  8    God:
Gold:   299        SH:  4    Dex: 18    Spells: 6/6 levels left

rFire    . . .     SeeInvis .   G - +0 hand axe (chop)
rCold    . . .     Gourm    .   (no shield)
rNeg     . . .     Faith    .   b - +0 leather armour
rPois    +         Spirit   +   (helmet restricted)
rElec    .         Reflect  .   (no cloak)
rCorr    .         Harm     +   B - +0 pair of gloves
MR       .....                  (no boots)
Stlth    +.........             u - amulet of harm
HPRegen  0.52/turn              l - ring of poison resistance
MPRegen  0.11/turn              z - ring of loudness (curse)

@: no status effects
A: fangs 2, horns 2, large bone plates 1, regeneration 1, magic shield,
antimagic bite, no potion heal 3, rot immunity
a: no special abilities


You were on level 5 of the Dungeon.
You were not hungry.

You visited 1 branch of the dungeon, and saw 5 of its levels.

You collected 299 gold pieces.

Inventory:

Hand Weapons
 a - a +0 war axe
 G - a +0 hand axe of chopping (weapon)
Missiles
 d - 3 throwing nets (quivered)
 t - 9 curare-tipped needles
 v - 11 tomahawks
Armour
 b - a +0 leather armour (worn)
 c - a +0 helmet
 B - a +0 pair of gloves (worn)
Jewellery
 l - a ring of poison resistance (left hand)
 u - an amulet of harm (around neck)
 z - a cursed ring of loudness (right hand)
Scrolls
 e - 2 scrolls of enchant weapon {unknown}
 h - a scroll of blinking {unknown}
 k - 3 scrolls of identify {unknown}
 m - a scroll of fear {unknown}
 o - 4 scrolls of teleportation {unknown}
 r - 2 scrolls of magic mapping {unknown}
 w - a scroll of enchant armour {unknown}
 x - a scroll of amnesia {unknown}
 y - a scroll of remove curse {unknown}
 D - 2 scrolls of random uselessness {unknown}
Potions
 i - 2 potions of heal wounds {unknown}
 n - 4 potions of curing {unknown}
 p - a potion of ambrosia {unknown}
 q - a potion of degeneration {unknown}
 s - 3 potions of might {unknown}
 F - a potion of agility {unknown}
 H - a potion of brilliance {unknown}
Books
 C - a book of Callings

   Spells                             Type                      Level
   a - Summon Small Mammal            Summoning                    1
   b - Call Imp                       Summoning                    2
   c - Call Canine Familiar           Summoning                    3
   d - Summon Guardian Golem          Hexes/Summoning              3
   e - Summon Lightning Spire         Summoning/Air                4
   f - Summon Ice Beast               Ice/Summoning                4
Comestibles
 f - 6 bread rations
 g - 5 meat rations
 j - a fruit
 A - a royal jelly
 E - 4 chunks of flesh


   Skills:
 + Level 3.4 Fighting
 + Level 5.9 Axes
 + Level 1.9 Throwing
 + Level 2.3 Armour
 + Level 3.6 Dodging
 + Level 1.8 Stealth


You had 6 spell levels left.
You didn't know any spells.

Dungeon Overview and Level Annotations

Branches:
Dungeon (5/15)             Temple (0/1) D:4

Altars:
Fedhas
Vehumet


Innate Abilities, Weirdness & Mutations

You have extremely sharp teeth.
Your natural rate of healing is unusually fast.
When hurt, damage is shared between your health and your magic reserves.
Your bite disrupts and absorbs the magic of your enemies.
Potions cannot restore your health.
You are immune to rotting.
You have a pair of horns on your head.
You are partially covered in large bone plates. (SH +4)


Message History

The sky beast is lightly wounded.
The sky beast flickers out of sight!
Deactivating autopickup; reactivate with Ctrl-A.
Something hits you. Something shocks you.
You hit something. Something hits you. Something shocks you.
You hit something but do no damage. You bite something. You drain its power.
You feel invigorated. Something hits you. Something shocks you.
* * * LOW HITPOINT WARNING * * *
You miss something. You bite something. Something barely misses you.
You closely miss something. Something hits you.
* * * LOW HITPOINT WARNING * * *
Something shocks you.
* * * LOW HITPOINT WARNING * * *
You hit something. You headbutt something. Something closely misses you.
You closely miss something. Your headbutt misses something.
Something hits you but does no damage.
You miss something. Something hits you.
* * * LOW HITPOINT WARNING * * *
Something shocks you.
You die...

### ### ..####.#..
..#...... ....##.##
......... #..#.###
#..(...###########
###.............@#
####.##.>..#...#.{..#
#....# ##.#...##.#.#
#.########.....# ...#
#..............# ##.#
############...# ##
#...# #...# #####


There were no monsters in sight!

Vanquished Creatures
  A sky beast (D:5)
  An ogre (D:4)
  A howler monkey (D:4)
  3 crimson imps (D:5)
  A bullfrog zombie (D:5)
  A bullfrog skeleton (D:5)
  A hound (D:2)
  2 orc wizards
  An iguana (D:4)
  A worker ant (D:4)
  A hound skeleton (D:4)
  A worker ant zombie (D:5)
  6 adders
  3 gnolls (D:5)
  A shadow imp (D:3)
  2 oozes
  4 worms
  A dart slug (D:2)
  3 leopard geckos
  7 orcs
  5 bats
  4 giant cockroaches
  5 hobgoblins
  8 jackals
  8 kobolds
  2 quokkas
  8 frilled lizards
  A giant cockroach zombie (D:5)
  2 goblins
  4 rats
89 creatures vanquished.

Notes
Turn   | Place    | Note
-------+----------+-------------------------------------------
     0 | D:1      | slep the Vine Stalker Gladiator began the quest for the Orb.
     0 | D:1      | Reached XP level 1. HP: 11/11 MP: 2/2
   134 | D:1      | Reached XP level 2. HP: 6/15 MP: 3/3
   354 | D:1      | Reached XP level 3. HP: 6/18 MP: 2/4
   589 | D:2      | Reached skill level 3 in Axes
   670 | D:2      | Reached skill level 1 in Armour
   768 | D:2      | Gained mutation: Your natural rate of healing is unusually fast. [Vine Stalker growth]
   768 | D:2      | Reached XP level 4. HP: 23/23 MP: 5/5
  1032 | D:2      | Found a faded altar of an unknown god.
  1138 | D:3      | Found a blossoming altar of Fedhas.
  1194 | D:3      | Found a radiant altar of Vehumet.
  1243 | D:3      | Reached XP level 5. HP: 27/27 MP: 6/6
  1453 | D:3      | Reached skill level 4 in Axes
  1649 | D:4      | Reached skill level 1 in Stealth
  1788 | D:4      | Reached XP level 6. HP: 26/32 MP: 5/7
  1945 | D:4      | Found a staircase to the Ecumenical Temple.
  2558 | D:5      | Entered Level 5 of the Dungeon
  2574 | D:5      | Reached XP level 7. HP: 33/36 MP: 8/8
  2577 | D:5      | Reached skill level 5 in Axes
  2642 | D:5      | Gained mutation: You have a pair of small horns on your head. [mutagenic meat]
  2643 | D:5      | Gained mutation: You are partially covered in large bone plates. (SH +4) [mutagenic meat]
  2645 | D:5      | Gained mutation: You have a pair of horns on your head. [mutagenic meat]
  2876 | D:5      | HP: 1/36 [something (6)]
  2879 | D:5      | Slain by a sky beast

Vault maps used:
D:1:      saegor_arrival_miasma
D:2:      first_bread, chequers_ecumenical_altar_grove
D:3:      kennysheep_flooded_box, fedhas_altar_3
D:4:      temple_statues
D:5:      gammafunk_temple_overflow_pools, uniq_menkaure

Skill      XL: |  1  2  3  4  5  6  7 |
---------------+----------------------+-----
Fighting       | 2 3 |  3.4
Axes           | 3 4 5 |  5.9
Armour         | 1 2 |  2.3
Dodging        | 3 |  3.6
Stealth        | 1 |  1.8
Throwing       | |  1.9

Action                   |  1- 3 |  4- 6 |  7- 9 || total
-------------------------+-------+-------+-------++-------
Melee: War axe           |    71 |   143 |    54 ||   268
       Bite              |    15 |    41 |    21 ||    77
       Hand axe          |       |       |     8 ||     8
       Headbutt          |       |       |     8 ||     8
 Stab: Sleeping          |     1 |     3 |       ||     4
  Eat: Chunk             |       |     4 |     7 ||    11
Armor: Leather armour    |    17 |    37 |    12 ||    66
Dodge: Dodged            |    59 |    98 |    38 ||   195
Block: Other             |       |       |     9 ||     9

Table legend:
 A = Spawn XP
 B = Non-spawn XP
 C = Spawn XP percentage of total XP
 D = Spawn monster count
 E = Non-spawn monster count
 F = Spawn count percentage of total count
 G = Total turns spent on level
                    A         B        C        D         E        F      G
               +---------+---------+-------+---------+---------+-------+---------
         Total |       0 |    1045 |   0.0 |       0 |      89 |   0.0 |  2879
               +---------+---------+-------+---------+---------+-------+---------
           D:1 |       0 |      45 |   0.0 |       0 |      26 |   0.0 |   566
           D:2 |       0 |      93 |   0.0 |       0 |      15 |   0.0 |   536
           D:3 |       0 |      62 |   0.0 |       0 |      11 |   0.0 |   512
           D:4 |       0 |     356 |   0.0 |       0 |      19 |   0.0 |   944
           D:5 |       0 |     489 |   0.0 |       0 |      18 |   0.0 |   321
               +---------+---------+-------+---------+---------+-------+---------
